 Dungeon Sprint DCSS version 0.30-a0-949-g53dc5368d7 (webtiles) character file.

Game seed: 16096069026030966853

5985 qeuew the Tortoise (level 10, 0/145 HPs)
             Began as a Minotaur Fighter on Mar 27, 2023.
             Was the Champion of Lugonu.
             Slain by a demonic crawler (9 damage)
             ... in the Dungeon (Sprint I: "Red Sonja").
             The game lasted 00:04:52 (1851 turns).

qeuew the Tortoise (Minotaur Fighter)               Turns: 1851, Time: 00:04:53

Health: 0/145      AC: 15    Str: 27    XL:     10   Next: 55%
Magic:  1/14       EV: 13    Int:  5    God:    Lugonu [******]
Gold:   477        SH:  6    Dex: 10    Spells: 9/9 levels left

rFire   + . .      SeeInvis .    a - +0 war axe
rCold   x . .      Faith    .    c - +0 buckler
rNeg    + . .      Spirit   .    b - +0 scale mail
rPois   .          Reflect  .    (helmet restricted)
rElec   .          Rampage  .    (no cloak)
rCorr   .          NoTele   +    m - +3 Mad Mage's Maulers {Infuse+∞ VampMP -Cast}
Will    +++..      NoCast   +    (no boots) Stlth
                                 (no amulet)
HPRegen 0.44/turn                e - ring of Qezikem {Fire rN+ Will+++ Str+4 Dex-2}
MPRegen 0.14/turn                (no ring)

@: berserking, very quick
A: horns 2, retaliatory headbutt
a: Renounce Religion, Banish, Corrupt, Brand Weapon With Distortion


You were in the Dungeon.
You worshipped Lugonu.
Lugonu was exalted by your worship.
You visited 1 branch You collected 957 gold pieces.
You spent 480 gold pieces at shops.

Inventory:

Hand Weapons
 a - a +0 war axe (weapon)
Armour
 b - a +0 scale mail (worn)
 c - a +0 buckler (worn)
 m - the +3 Mad Mage's Maulers (worn) {Infuse+∞ VampMP -Cast}
   (You bought it in a shop in the Dungeon)

   Infuse+∞: It empowers its wearer's blows with all of their magic.
   VampMP:    Blows struck in melee replenish the wearer's magic.
   -Cast:     It prevents spellcasting.
Jewellery
 e - the ring of Qezikem (left hand) {Fire rN+ Will+++ Str+4 Dex-2}
   (You found it in the Dungeon)

   [ring of fire]

   It enhances your fire magic.
   Str:       It affects your strength (+4).
   Dex:       It affects your dexterity (-2).
   rF:        It protects you from fire.
   rC:        It makes you vulnerable to cold.
   rN:        It protects you from negative energy.
   Will:      It greatly increases your willpower.
Wands
 k - a wand of flame (15)
Scrolls
 f - a scroll of enchant armour {unknown}
 j - a scroll of identify {unknown}
 n - a scroll of blinking
Potions
 d - 3 potions of might
 g - a potion of haste
 h - 2 potions of magic
 l - a potion of mutation {unknown}
 o - a potion of cancellation {unknown}
 p - 2 potions of attraction {unknown}
 q - 2 potions of curing


   Skills:
 + Level 11.7 Fighting
 * Level 15.7 Axes
 * Level 15.9 Armour
 + Level 10.1 Dodging
 + Level 11.7 Shields
 + Level 7.4 Invocations


You had 9 spell levels left.
You didn't know any spells.
Your spell library was empty.

Dungeon Overview and Level Annotations

Branches:
Dungeon (1/1)

Altars:
Makhleb
Sif Muna
Vehumet
Wu Jian
Xom
Jiyva
Lugonu

Shops:
D =([![(?*(*[*([*


Innate Abilities, Weirdness & Mutations

You have a pair of horns on your head.
You reflexively headbutt those who attack you in melee.


Message History

The demonic crawler is lightly wounded.
You slash the demonic crawler! The demonic crawler closely misses you.
You block the demonic crawler's attack. The demonic crawler misses you.
The demonic crawler hits you but does no damage. x2
The demonic crawler hits you!
* * * LOW HITPOINT WARNING * * *
You hit the demonic crawler. You headbutt the demonic crawler!
The demonic crawler is moderately wounded.
You closely miss the demonic crawler.
The demonic crawler hits you but does no damage.
The demonic crawler hits you.
* * * LOW HITPOINT WARNING * * *
The demonic crawler hits you but does no damage. x2
The demonic crawler hits you!
* * * LOW HITPOINT WARNING * * *
You block the demonic crawler's attack.
You are too berserk!
You are too berserk!
You barely miss the demonic crawler.
The demonic crawler is lightly wounded.
You slash the demonic crawler!
The demonic crawler completely misses you.
You block the demonic crawler's attack.
The demonic crawler hits you but does no damage.
You slice the demonic crawler!!
The demonic crawler is heavily wounded.
You slash the demonic crawler! The demonic crawler barely misses you.
You furiously retaliate!
You headbutt the demonic crawler! The demonic crawler closely misses you.
You block the demonic crawler's attack.
You completely miss the demonic crawler.
The demonic crawler is heavily wounded.
You slash the demonic crawler!
The demonic crawler completely misses you.
The demonic crawler hits you!
* * * LOW HITPOINT WARNING * * *
The demonic crawler barely misses you.
The demonic crawler completely misses you.
You furiously retaliate!
You headbutt the demonic crawler!! You block the demonic crawler's attack.
The demonic crawler hits you!
You die...

########################
.#..').#..'..#__#s.†[..#
.').#..)..#..'..@s.#[..##+#
.#####'#####'#__####...'..#
.# #..# #.####.§#####..+ .#
#### ##§#)§~.§#..# ## .#
#+#_.')~§..'..# ⌠#
+..._#~~~..#..# ##
#_.#+##'#####'### ##'#
#§...###.'.#
########.####÷###)###.#


You could see 2 demonic crawlers.

Vanquished Creatures
  2 centaur warriors (D)
  Sonja (D)
  A deep troll (D)
  An oklob plant (D)
  2 demonic crawlers (D)
  2 unseen horrors (D)
  2 kobold demonologists (D)
  A hornet (D)
  A slime creature (D)
  Sigmund (D)
  2 redbacks (D)
  2 floating eyes (D)
  An ogre (D)
  7 necrophages (D)
  8 jellies (D)
  Ijyb (D)
35 creatures vanquished.

Vanquished Creatures (others)
  2 ballistomycete spores (D)
2 creatures vanquished.

Grand Total: 37 creatures vanquished

Notes
Turn   | Place    | Note
-------+----------+-------------------------------------------
     0 | D        | qeuew the Minotaur Fighter began the quest for the Orb.
     0 | D        | Reached XP level 1. HP: 19/19 MP: 0/0
     1 | D        | Noticed Ijyb
    10 | D        | Killed Ijyb
    11 | D        | Reached skill level 5 in Armour
    11 | D        | Reached XP level 2. HP: 10/28 MP: 1/1
    86 | D        | Noticed an ogre
    91 | D        | Killed an ogre
    92 | D        | Reached skill level 5 in Fighting
    92 | D        | Reached skill level 5 in Shields
    92 | D        | Reached XP level 3. HP: 21/36 MP: 2/2
    92 | D        | Reached XP level 4. HP: 24/42 MP: 3/3
   166 | D        | Noticed Sigmund
   186 | D        | Killed Sigmund
   187 | D        | Reached XP level 5. HP: 24/51 MP: 4/4
   296 | D        | Found an ornate altar of the Wu Jian Council.
   296 | D        | Found a shimmering blue altar of Sif Muna.
   297 | D        | Found a burning altar of Makhleb.
   297 | D        | Found a viscous altar of Jiyva.
   297 | D        | Found a shimmering altar of Xom.
   297 | D        | Found a corrupted altar of Lugonu.
   297 | D        | Noticed a slime creature
   307 | D        | Reached XP level 6. HP: 23/58 MP: 5/5
   312 | D        | Killed a slime creature
   313 | D        | Reached skill level 10 in Armour
   313 | D        | Reached skill level 5 in Dodging
   331 | D        | Became a worshipper of Lugonu the Unformed
   433 | D        | Found a radiant altar of Vehumet.
   444 | D        | Noticed a kobold demonologist
   444 | D        | Noticed a floating eye
   444 | D        | Noticed a kobold demonologist
   447 | D        | Killed a floating eye
   448 | D        | Reached skill level 10 in Axes
   448 | D        | Reached skill level 1 in Invocations
   448 | D        | Reached XP level 7. HP: 67/67 MP: 6/6
   451 | D        | Killed a kobold demonologist
   454 | D        | Noticed an ice devil
   456 | D        | Noticed a rust devil
   456 | D        | Killed a kobold demonologist
   456 | D        | Reached * piety under Lugonu
   457 | D        | Reached XP level 8. HP: 63/75 MP: 6/9
   497 | D        | Noticed a demonic crawler
   497 | D        | Noticed a demonic crawler
   497 | D        | Noticed a demonic crawler
   497 | D        | Noticed a demonic crawler
   678 | D        | Noticed a centaur warrior
   678 | D        | Noticed a centaur warrior
   687 | D        | Killed a centaur warrior
   691 | D        | Killed a centaur warrior
   692 | D        | Reached skill level 5 in Invocations
   692 | D        | Reached XP level 9. HP: 52/85 MP: 9/11
   798 | D        | Paralysed by a hornet for 3 turns
   801 | D        | Reached ** piety under Lugonu
   802 | D        | Reached skill level 10 in Fighting
   802 | D        | Reached skill level 10 in Shields
   937 | D        | Noticed an oklob plant
   947 | D        | Killed an oklob plant
   977 | D        | HP: 2/86 [redback (7)]
   980 | D        | Reached *** piety under Lugonu
  1192 | D        | Killed an unseen horror
  1195 | D        | Killed an unseen horror
  1315 | D        | Reached **** piety under Lugonu
  1328 | D        | Reached ***** piety under Lugonu
  1329 | D        | Reached XP level 10. HP: 79/94 MP: 13/13
  1421 | D        | Paralysed by a floating eye for 3 turns
  1438 | D        | Reached skill level 15 in Armour
  1479 | D        | Identified the ring of Qezikem {Fire rN+ Will+++ Str+4
                  | Dex-2}
  1493 | D        | Found Xisoj's Weapon Shoppe.
  1493 | D        | Found Comaots's Jewellery Shop.
  1493 | D        | Found Sewojaps's Armour Boutique.
  1495 | D        | Found Iwkan's Distillery.
  1495 | D        | Found Jeomud's Armour Shop.
  1495 | D        | Found Yhupos's Weapon Shoppe.
  1495 | D        | Found Loyfecs's Magic Scroll Boutique.
  1495 | D        | Found Ranolap's Assorted Antiques.
  1495 | D        | Found Unasuama's Weapon Shop.
  1495 | D        | Found Yfubyrok's General Store.
  1497 | D        | Found Odullor's Antique Armour Boutique.
  1498 | D        | Found Wyochapn's Weapon Emporium.
  1498 | D        | Found Hefemet's General Store.
  1499 | D        | Found Yrghoxkis's General Store.
  1508 | D        | Bought the +3 Mad Mage's Maulers {Infuse+∞ VampMP -Cast}
                  | for 480 gold pieces
  1508 | D        | Found the +3 Mad Mage's Maulers {Infuse+∞ VampMP -Cast}
  1560 | D        | Noticed a deep troll
  1563 | D        | Killed a deep troll
  1563 | D        | Reached ****** piety under Lugonu
  1564 | D        | Reached skill level 15 in Axes
  1674 | D        | Found Tummi's Armour Emporium.
  1686 | D        | Noticed Sonja
  1688 | D        | Killed Sonja
  1830 | D        | Killed a demonic crawler
  1831 | D        | Reached skill level 10 in Dodging
  1845 | D        | Killed a demonic crawler
  1851 | D        | Slain by a demonic crawler

Illustrated notes

Levels and vault maps discovered:
D:        dungeon_sprint_1 [red_sonja_temple_1, red_sonja_temple_small_1]

Skill      XL: |  1  2  3  4  5  6  7  8  9 10 |
---------------+-------------------------------+-----
Fighting       | 4 5 6 7 8 9 10 11 | 11.7
Axes           | 4 6 8 10 11 13 14 15 | 15.7
Armour         | 5 6 8 10 11 13 14 15 | 15.9
Dodging        | 2 3 4 6 7 8 9 10 | 10.1
Shields        | 4 5 6 7 8 9 10 11 | 11.7
Invocations    | 1 3 5 6 7 |  7.4

Action                     |  1- 3 |  4- 6 |  7- 9 | 10-12 || total
---------------------------+-------+-------+-------+-------++-------
  Melee: War axe           |    12 |    28 |    74 |    45 ||   159
         Headbutt          |     2 |     4 |    13 |    10 ||    29
    Use: Scroll            |       |       |     1 |       ||     1
         Potion            |       |       |     2 |     1 ||     3
 Armour: Scale mail        |     1 |     8 |    35 |    38 ||    82
  Dodge: Dodged            |     4 |     8 |    34 |    41 ||    87
  Block: Buckler           |     5 |     7 |    21 |    25 ||    58

Table legend: (Time is in decaauts)
 A = Elapsed time spent in this place.
 B = Non-inter-level travel time spent in this place.
 C = Inter-level travel time spent in this place.
 D = Time resting spent in this place.
 E = Time spent auto-exploring this place.
 F = Levels seen in this place.
 G = Mean time per level.
                   A        B        C        D        E       F      G
               +--------+--------+--------+--------+--------+-----+--------+
         Total |   1843 |   1843 |      0 |    162 |   1343 |   1 | 1843.0 |
       Dungeon |   1843 |   1843 |      0 |    162 |   1343 |   1 | 1843.0 |
               +--------+--------+--------+--------+--------+-----+--------+

Top non-repeatable levels by time:
       D: 1843 daAuts
